[Event "fics rated crazyhouse match"]
[Site "fics, Oklahoma City, OK USA"]
[Date "2000.03.26"]
[White "spurs"]
[WhiteElo "2248"]
[Black "Leech"]
[BlackElo "2245"]
[TimeControl "60+0"]
[Result "1-0"]

1. d4 e6 2. Nf3 d5 3. Bg5 Nf6 4. Bxf6 Qxf6 5. e3 Nc6 6. Bb5 
Bd7 7. Bxc6 Bxc6 8. N@e5 Bb4+ 9. Nc3 O-O 10. Nxc6 bxc6 11. B@g5 Qg6 
12. N@f4 Qf5 13. O-O B@g4 14. Bh4 Bxc3 15. bxc3 Bxf3 16. Qxf3 B@e4 17. Qe2 
Bxc2 18. B@g4 P@d3 19. Bxf5 dxe2 20. Bxh7+ Kh8 21. Nxe2 Bxh7 22. P@f6 Rg8 
23. P@h6 N@h3+ 24. Kh1 gxh6 25. B@g7+ Rxg7 26. fxg7+ Kxg7 27. Q@f6+ Kf8 28. R@h8+ 
B@g8 29. Qe7+ Kg7 30. Bf6+ Kg6 31. Rxg8+ Rxg8 32. B@h5+ Kxh5 33. Ng3+ Kg6 
34. Qxf7+ Kxf7 35. gxh3 Kxf6 36. Kg2 
{Leech forfeits on time} 1-0

[Event "fics rated crazyhouse match"]
[Site "fics, Oklahoma City, OK USA"]
[Date "2000.03.26"]
[White "Leech"]
[WhiteElo "2237"]
[Black "spurs"]
[BlackElo "2256"]
[TimeControl "60+0"]
[Result "1-0"]

1. e4 e6 2. d4 d6 3. Nc3 Nf6 4. Nf3 Be7 5. Bc4 O-O 6. d5 
e5 7. O-O Bg4 8. h3 Bh5 9. Be2 Nbd7 10. Ng5 Bxe2 11. Qxe2 Nxd5 
12. Nxf7 Bg5 13. Nxd8 Bxd8 14. exd5 B@f4 15. B@e6+ Kh8 16. Q@g8+ Rxg8 17. N@f7# 
{spurs checkmated} 1-0

[Event "fics rated crazyhouse match"]
[Site "fics, Oklahoma City, OK USA"]
[Date "2000.03.26"]
[White "spurs"]
[WhiteElo "2248"]
[Black "Leech"]
[BlackElo "2245"]
[TimeControl "60+0"]
[Result "0-1"]

1. d4 Nf6 2. Nf3 d5 3. Nc3 Nc6 4. Bg5 Bg4 5. e3 h6 6. Bxf6 
exf6 7. Bb5 Bb4 8. Bxc6+ bxc6 9. O-O Bxc3 10. bxc3 Bxf3 11. Qxf3 B@e4 
12. Qe2 Bxg2 13. Kxg2 N@h4+ 14. Kh3 B@f3 15. Qe1 f5 16. B@g3 P@g4# 
{spurs checkmated} 0-1

[Event "fics rated crazyhouse match"]
[Site "fics, Oklahoma City, OK USA"]
[Date "2000.03.26"]
[White "Leech"]
[WhiteElo "2253"]
[Black "Eyefor"]
[BlackElo "2308"]
[TimeControl "180+0"]
[Result "0-1"]

1. e4 Nf6 2. e5 Nd5 3. Bc4 e6 4. Bxd5 exd5 5. Nc3 d6 6. d4 
dxe5 7. dxe5 d4 8. Ne4 B@g4 9. P@f3 P@h3 10. Nxh3 Bxh3 11. gxh3 N@g2+ 
12. Ke2 Bxh3 13. N@f6+ gxf6 14. Nxf6+ Ke7 15. B@g5 d3+ 16. cxd3 N@d4+ 17. Kd2 
P@c2 18. Qxc2 Nxc2 19. Ne4+ Kd7 20. Bxd8 Nxa1 21. P@c2 Q@b1 22. Q@a4+ Kxd8 
23. P@d6 B@f4+ 24. P@e3 Bxe5 25. P@e7+ Bxe7 26. dxe7+ Kxe7 27. B@g5+ P@f6 28. Nxf6 
Bxf6 29. Bxf6+ Kxf6 30. P@e5+ Kg7 31. B@f6+ Kg8 32. Rg1 B@b4+ 33. Ke2 Nc6 
34. Rxg2+ Bxg2 35. N@h6+ Kf8 36. Qxb4+ Nxb4 37. B@g7+ Ke8 38. Bxh8 Q@f1# 
{Leech forfeits on time} 0-1

[Event "fics rated crazyhouse match"]
[Site "fics, Oklahoma City, OK USA"]
[Date "2000.03.26"]
[White "Eyefor"]
[WhiteElo "2315"]
[Black "Leech"]
[BlackElo "2246"]
[TimeControl "180+0"]
[Result "0-1"]

1. e4 e6 2. d4 Nf6 3. e5 Nd5 4. Nf3 Nc6 5. Be2 d6 6. exd6 
Bxd6 7. O-O O-O 8. Nc3 Nxc3 9. bxc3 N@e4 10. P@b2 e5 11. d5 Ne7 
12. N@g5 Nxg5 13. Nxg5 h6 14. Ne4 P@h3 15. gxh3 Bxh3 16. Nxd6 Qxd6 17. P@h7+ 
Kxh7 18. N@c4 Qxd5 19. Qxd5 Nxd5 20. B@e4+ P@f5 21. Bxd5 P@g2 22. Bxg2 Bxg2 
23. N@g3 P@f3 24. Bxf3 Bxf3 25. Q@g2 Bxg2 26. Nxe5 Bxf1 27. P@g6+ fxg6 28. Kxf1 
R@d1+ 29. B@e1 P@g2+ 30. Ke2 Rxe1+ 31. Kxe1 Q@g1+ 32. R@f1 gxf1=Q+ 33. Nxf1 N@g2+ 
34. Ke2 Q@d1+ 35. Kxd1 Qxf1+ 36. Kd2 B@e1# 
{Eyefor resigns} 0-1

[Event "fics rated crazyhouse match"]
[Site "fics, Oklahoma City, OK USA"]
[Date "2000.03.26"]
[White "Leech"]
[WhiteElo "2256"]
[Black "Eyefor"]
[BlackElo "2305"]
[TimeControl "180+0"]
[Result "1-0"]

1. e4 e6 2. d4 d5 3. Nc3 Nf6 4. Bg5 Be7 5. Bxf6 Bxf6 6. Nf3 
dxe4 7. Nxe4 Be7 8. N@h5 Rg8 9. Bb5+ P@c6 10. Be2 B@g4 11. Nxg7+ Rxg7 
12. P@f6 Bxf6 13. Nxf6+ Qxf6 14. B@e5 Qh6 15. Bxg7 Qxg7 16. R@g5 B@g6 17. Rxg4 
P@e4 18. Ne5 N@f6 19. P@g5 Nd5 20. B@h6 Qg8 21. Nxg6 Qxg6 22. c4 Nb4 
23. O-O N@c2 24. Rc1 e3 25. Rxc2 Nxc2 26. B@d3 exf2+ 27. Rxf2 Qxh6 28. gxh6 
R@e1+ 29. Qxe1 Nxe1 30. Rg8+ N@f8 31. Rxf8+ Kxf8 32. Q@d8+ B@e8 33. R@h8+ R@g8 
34. P@g7# 
{Eyefor checkmated} 1-0

[Event "fics rated crazyhouse match"]
[Site "fics, Oklahoma City, OK USA"]
[Date "2000.03.26"]
[White "Fireblaze"]
[WhiteElo "2311"]
[Black "TrumpetX"]
[BlackElo "2114"]
[TimeControl "60+0"]
[Result "1-0"]

1. d4 e6 2. Nf3 Nf6 3. a3 d5 4. Nc3 Nc6 5. Bg5 Bd6 6. e4 
Be7 7. exd5 Nxd5 8. Nxd5 Bxg5 9. Nxc7+ Qxc7 10. Nxg5 P@e3 11. fxe3 B@h4+ 
12. P@g3 Bxg5 13. P@f4 Nxd4 14. Qxd4 P@f2+ 15. Kxf2 N@g4+ 16. Ke2 Qxc2+ 17. P@d2 
P@d3+ 18. Kf3 Qc6+ 19. P@e4 f5 20. Bxd3 Nxh2+ 21. Rxh2 P@g4+ 22. Kf2 fxe4 
23. Bxe4 P@d5 24. N@e5 Qd6 25. P@f7+ Kf8 26. B@c5 Qxc5 27. Qxc5+ B@e7 28. Q@e8# 
{TrumpetX checkmated} 1-0

[Event "fics rated crazyhouse match"]
[Site "fics, Oklahoma City, OK USA"]
[Date "2000.03.26"]
[White "TrumpetX"]
[WhiteElo "2110"]
[Black "Fireblaze"]
[BlackElo "2315"]
[TimeControl "60+0"]
[Result "1-0"]

1. e4 d5 2. exd5 e6 3. Bb5+ c6 4. dxe6 Bxe6 5. Qe2 Nf6 6. P@f5 
cxb5 7. fxe6 B@c4 8. exf7+ Kxf7 9. d3 Be6 10. Nf3 Bb4+ 11. Nc3 Bd6 
12. Ng5+ Kg6 13. B@f7+ Bxf7 14. P@f5+ Kxf5 15. Nxf7 Kg6 16. Nxd8 Rxd8 17. P@h5+ 
Kf7 18. Q@e6+ Kf8 19. h6 Nc6 20. hxg7+ Kxg7 21. B@h6+ Kg6 22. P@h5# 
{Fireblaze checkmated} 1-0

[Event "fics rated crazyhouse match"]
[Site "fics, Oklahoma City, OK USA"]
[Date "2000.03.27"]
[White "Eyefor"]
[WhiteElo "2226"]
[Black "KillServ"]
[BlackElo "2195"]
[TimeControl "60+0"]
[Result "1-0"]

1. e4 e6 2. d4 d6 3. Nf3 Nf6 4. Bd3 Be7 5. e5 Ng4 6. Qe2 
Nc6 7. exd6 Qxd6 8. h3 Nf6 9. P@e5 Nxd4 10. exd6 Nxe2 11. dxe7 Kxe7 
12. Bxe2 Ke8 13. B@a4+ P@d7 14. Q@g5 P@g6 15. N@b5 Q@b8 16. Qg3 P@d6 17. Bg5 
Nd5 18. N1c3 Nxc3 19. Nxc3 N@h5 20. Qh4 e5 21. Be3 Nf6 22. Bg5 Ng8 
23. Bd8 Kf8 24. N@b5 c6 25. Bc7 cxb5 26. Bxb8 N@e8 27. Bxd6+ Nxd6 28. P@e7+ 
Nxe7 29. Q@d8+ B@e8 30. Qhxe7+ Kg8 31. Qexe8+ Nxe8 32. Qxe8# 
{KillServ resigns} 1-0

[Event "fics rated crazyhouse match"]
[Site "fics, Oklahoma City, OK USA"]
[Date "2000.03.27"]
[White "Eyefor"]
[WhiteElo "2224"]
[Black "KillServ"]
[BlackElo "2201"]
[TimeControl "60+0"]
[Result "0-1"]

1. e4 e6 2. d4 d5 3. exd5 exd5 4. Bb5+ c6 5. Qe2+ Qe7 6. Bf4 
cxb5 7. P@c7 Nc6 8. Qxe7+ Ngxe7 9. Q@e3 Q@g6 10. Nc3 Nb4 11. Rc1 Qxg2 
12. Qf3 Qxf3 13. Nxf3 Bg4 14. Q@g2 Q@f5 15. Qg3 P@g2 16. Rg1 Nxa2 17. Nxa2 
Qe4+ 18. Be3 Nf5 19. Qxg2 B@a5+ 20. Nc3 Nxe3 21. P@d7+ Kxd7 22. N@e5+ Kxc7 
23. fxe3 Qxe3+ 24. N@e2 Bxf3 25. Nxf3 Bxc3+ 26. bxc3 Kc8 27. B@f4 P@f2+ 28. Qxf2 
Qxf2+ 29. Kxf2 N@e4+ 30. Kg2 P@h3+ 31. Kxh3 N@f2+ 32. Kg2 B@h3# 
{Eyefor checkmated} 0-1

[Event "fics rated crazyhouse match"]
[Site "fics, Oklahoma City, OK USA"]
[Date "2000.03.27"]
[White "KillServ"]
[WhiteElo "2230"]
[Black "Eyefor"]
[BlackElo "2215"]
[TimeControl "60+0"]
[Result "0-1"]

1. e4 e6 2. d4 Nf6 3. e5 Nd5 4. Nf3 d6 5. exd6 cxd6 6. Be2 
Be7 7. O-O O-O 8. c4 Nf6 9. P@e5 dxe5 10. dxe5 Qxd1 11. Rxd1 P@c2 
12. exf6 cxd1=Q+ 13. Bxd1 Bxf6 14. P@c7 Q@d6 15. Bc2 Qxc7 16. Bxh7+ Kxh7 17. N@g5+ 
Bxg5 18. Nxg5+ Kg6 19. Q@h7+ Kf6 20. Ne4+ Ke7 21. P@d6+ Qxd6 22. B@g5+ P@f6 
23. Bxf6+ gxf6 24. Qxf7+ Rxf7 25. Nxd6 N@e2# 
{KillServ resigns} 0-1

[Event "fics rated crazyhouse match"]
[Site "fics, Oklahoma City, OK USA"]
[Date "2000.03.27"]
[White "Eyefor"]
[WhiteElo "2223"]
[Black "KillServ"]
[BlackElo "2203"]
[TimeControl "60+0"]
[Result "1-0"]

1. e4 Nf6 2. Nc3 d5 3. exd5 Nxd5 4. Nf3 e6 5. d4 Bb4 6. Bd2 
Nxc3 7. bxc3 P@e4 8. Ne5 N@b2 9. Qh5 Qe7 10. cxb4 Nd7 11. P@d6 cxd6 
12. Qxf7+ Qxf7 13. N@c7+ Ke7 14. Nxf7 Kxf7 15. Nxa8 N@f5 16. Q@a3 Nxd4 17. Qxb2 
Q@f6 18. N@g5+ Ke8 19. Nc7+ Kd8 20. Qxd4 Kxc7 21. N@b5+ Kd8 22. Qxf6+ Nxf6 
23. Q@c7+ Ke8 24. R@d8# 
{KillServ checkmated} 1-0

[Event "fics rated crazyhouse match"]
[Site "fics, Oklahoma City, OK USA"]
[Date "2000.03.27"]
[White "KillServ"]
[WhiteElo "2192"]
[Black "Eyefor"]
[BlackElo "2225"]
[TimeControl "60+0"]
[Result "0-1"]

1. e4 Nf6 2. Nc3 d5 3. exd5 Nxd5 4. d4 e6 5. Nxd5 exd5 6. Nf3 
Nc6 7. Be2 P@e4 8. Ng5 N@h4 9. Rg1 Bb4+ 10. P@c3 Bxc3+ 11. bxc3 P@b2 
12. Bxb2 Qxg5 13. P@g3 e3 14. fxe3 Qxe3 15. P@f2 N@f3+ 16. gxf3 Nxf3+ 17. Kf1 
Nxh2+ 18. Kg2 P@f3+ 19. Bxf3 Qxf3+ 20. Qxf3 Nxf3 21. P@b5 B@h3+ 22. Kxf3 Q@e4# 
{KillServ checkmated} 0-1

[Event "fics rated crazyhouse match"]
[Site "fics, Oklahoma City, OK USA"]
[Date "2000.03.27"]
[White "jtp"]
[WhiteElo "2274"]
[Black "BurgerKing"]
[BlackElo "2342"]
[TimeControl "60+0"]
[Result "0-1"]

1. e4 Nf6 2. Nc3 d5 3. exd5 Nxd5 4. Nf3 e6 5. Bb5+ P@c6 6. Bc4 
Nxc3 7. bxc3 N@f4 8. Rg1 b5 9. Bf1 b4 10. d4 Nd5 11. c4 Nc3 
12. Qd3 c5 13. Bd2 cxd4 14. Nxd4 P@b2 15. Bxc3 bxa1=Q+ 16. Bxa1 R@b1+ 17. N@d1 
Rxa1 18. Be2 B@c3+ 19. Qxc3 bxc3 20. B@e3 e5 21. Nb5 Rxa2 22. N@d5 P@d2+ 
23. Bxd2 cxd2+ 24. Kxd2 Rxc2+ 25. Kxc2 B@a4+ 26. P@b3 Bf5+ 27. P@d3 Bxb5 28. P@c3 
N@a1+ 29. Kd2 Nxb3+ 30. Kc2 Q@d2# 
{jtp resigns} 0-1

[Event "fics rated crazyhouse match"]
[Site "fics, Oklahoma City, OK USA"]
[Date "2000.03.27"]
[White "jtp"]
[WhiteElo "2230"]
[Black "venomous"]
[BlackElo "2511"]
[TimeControl "180+0"]
[Result "1-0"]

1. e4 e6 2. d4 Nc6 3. Nf3 Nf6 4. Bd3 d5 5. exd5 exd5 6. Qe2+ 
P@e4 7. P@g5 Ng4 8. Bxe4 dxe4 9. Qxe4+ Qe7 10. P@e5 B@f5 11. Qe2 Bce6 
12. Nc3 Rd8 13. P@e4 Nxd4 14. Nxd4 Rxd4 15. exf5 Bxf5 16. N@b5 P@d3 17. cxd3 
Bxd3 18. Nxd4 Bxe2 19. Ncxe2 N@d3+ 20. Kd2 Ndxf2 21. B@a4+ P@c6 22. R@b8+ Kd7 
23. B@c8+ Ke8 24. Bxg4+ Q@d8 25. P@d7# 
{venomous resigns} 1-0

[Event "fics rated crazyhouse match"]
[Site "fics, Oklahoma City, OK USA"]
[Date "2000.03.27"]
[White "venomous"]
[WhiteElo "2498"]
[Black "jtp"]
[BlackElo "2243"]
[TimeControl "180+0"]
[Result "1-0"]

1. e4 Nf6 2. Nc3 d5 3. exd5 Nxd5 4. Bc4 e6 5. Nh3 P@d4 6. Ne4 
Nc6 7. O-O Be7 8. d3 a6 9. Nf4 Nxf4 10. Bxf4 h6 11. N@h5 Rh7 
12. Qg4 N@g6 13. Qg3 e5 14. Bd2 Bf5 15. Qf3 Qd7 16. P@g4 Nh4 17. Qxf5 
Nxf5 18. gxf5 Qxf5 19. N@g3 Qf6 20. Nexf6# 
{jtp resigns} 1-0

[Event "fics rated crazyhouse match"]
[Site "fics, Oklahoma City, OK USA"]
[Date "2000.03.27"]
[White "jtp"]
[WhiteElo "2240"]
[Black "venomous"]
[BlackElo "2501"]
[TimeControl "180+0"]
[Result "1-0"]

1. e4 e6 2. Nc3 Nc6 3. Nf3 Nf6 4. Bb5 Bb4 5. d3 d5 6. e5 
Nd7 7. Bxc6 bxc6 8. a3 Be7 9. N@h5 Rg8 10. Rg1 Rb8 11. h3 B@g6 
12. Nf4 Ba6 13. Qe2 Nc5 14. Nd4 Qd7 15. b4 Nb7 16. Nxg6 hxg6 17. B@a4 
Nd8 18. Rb1 Rh8 19. Be3 N@b5 20. Bxb5 Bxb5 21. a4 Ba6 22. N@c5 Bxc5 
23. bxc5 Rxb1+ 24. Nxb1 R@a1 25. R@b8 N@b7 26. Qd1 B@b4+ 27. Ke2 Bxc5 28. Rxb7 
Nxb7 29. B@c3 Rxa4 30. N@b8 Qc8 31. Nbxc6 P@a2 32. P@f6 axb1=Q 33. Qxb1 R@b6 
34. fxg7 Rg8 35. P@h7 Rxg7 36. h8=Q+ Bf8 37. P@e7 Kd7 38. exf8=Q Qxf8 39. Qxf8 
{venomous resigns} 1-0

[Event "fics rated crazyhouse match"]
[Site "fics, Oklahoma City, OK USA"]
[Date "2000.03.27"]
[White "venomous"]
[WhiteElo "2488"]
[Black "jtp"]
[BlackElo "2253"]
[TimeControl "180+0"]
[Result "1-0"]

1. e4 Nf6 2. Nc3 d5 3. exd5 Nxd5 4. Bc4 e6 5. Nh3 Nc6 6. O-O 
Nxc3 7. dxc3 Qxd1 8. Rxd1 P@d5 9. Bb5 Bd7 10. Ng5 Q@h5 11. Bf4 Be7 
12. N@g3 Qh4 13. Nxf7 Kxf7 14. Bxc6 Qxf4 15. Bxd7 B@h3 16. Q@h5+ g6 17. Qxh3 
N@g5 18. Bxe6+ Ke8 19. P@d7+ Kd8 20. Qg4 N@f3+ 21. Kh1 Nxe6 22. Qxf4 Nxf4 
23. N@f7+ Kxd7 24. B@g4+ B@e6 25. Bxf3 Bxf7 26. N@e5+ Ke8 27. Nxf7 Kxf7 28. Bxd5+ 
P@e6 29. Q@f3 Q@f6 30. Bxe6+ Kxe6 31. B@b3+ B@d5 32. Bxd5+ Nxd5 33. Qxf6+ Nxf6 
34. B@d7+ Kf7 35. Q@e6+ Kg7 36. Qxe7+ B@f7 37. P@h6+ Kxh6 38. Qxf6 
{jtp resigns} 1-0

[Event "fics rated crazyhouse match"]
[Site "fics, Oklahoma City, OK USA"]
[Date "2000.03.27"]
[White "jtp"]
[WhiteElo "2250"]
[Black "venomous"]
[BlackElo "2491"]
[TimeControl "180+0"]
[Result "0-1"]

1. e4 e6 2. d4 Nc6 3. Nf3 Nf6 4. Bd3 d5 5. exd5 exd5 6. Qe2+ 
P@e4 7. P@g5 Ng4 8. Bxe4 dxe4 9. Qxe4+ Be7 10. P@f6 gxf6 11. P@g7 Rg8 
12. Qxh7 Kd7 13. P@d5 Nb4 14. Qf5+ Ke8 15. Qh7 Nxc2+ 16. Qxc2 B@f5 17. Qe2 
P@e4 18. gxf6 Nxf6 19. Ne5 Qxd5 20. Nc3 Qxd4 21. Nxf7 Kxf7 22. N@h6+ Kxg7 
23. Nxg8 Kxg8 24. Bh6 P@g7 25. Rd1 N@d3+ 26. Rxd3 exd3 27. P@f7+ Kh7 28. N@g5+ 
Kxh6 29. R@h8+ P@h7 30. Nxh7 R@c1+ 31. Nd1 B@a5+ 32. P@c3 Nxh7 33. Rxh7+ Bxh7 
{jtp forfeits on time} 0-1

[Event "fics rated crazyhouse match"]
[Site "fics, Oklahoma City, OK USA"]
[Date "2000.03.27"]
[White "Lomboc"]
[WhiteElo "2131"]
[Black "MrCool"]
[BlackElo "2333"]
[TimeControl "60+0"]
[Result "0-1"]

1. d3 e6 2. Nc3 Nf6 3. e4 d5 4. Nf3 Nc6 5. exd5 exd5 6. Bg5 
Be7 7. d4 Bg4 8. Be2 P@e4 9. Ne5 Bxe2 10. Nxe2 Nxe5 11. dxe5 Ng4 
12. O-O Bxg5 13. Nd4 Nxf2 14. Rxf2 B@e3 15. B@g3 P@h4 16. e6 O-O 17. exf7+ 
Rxf7 18. P@f5 hxg3 19. hxg3 Bxf2+ 20. Kh1 Bxg3 21. N@g4 N@f2# 
{Lomboc resigns} 0-1

[Event "fics rated crazyhouse match"]
[Site "fics, Oklahoma City, OK USA"]
[Date "2000.03.27"]
[White "MrCool"]
[WhiteElo "2337"]
[Black "Lomboc"]
[BlackElo "2127"]
[TimeControl "60+0"]
[Result "1-0"]

1. e4 d6 2. Nf3 Nf6 3. Nc3 Nc6 4. d4 e6 5. Bd3 Be7 6. O-O 
O-O 7. Re1 e5 8. d5 Nd4 9. Nxd4 exd4 10. Ne2 c5 11. dxc6 bxc6 
12. Nxd4 Qc7 13. P@h6 gxh6 14. N@f5 P@g7 15. Bxh6 gxh6 16. P@g7 Re8 17. Nxe7+ 
Qxe7 18. Nf5 Bxf5 19. exf5 P@e5 20. P@g6 Kxg7 21. gxf7 Kxf7 22. B@e6+ Kg7 
23. B@d2 P@f7 24. Bxh6+ Kxh6 25. P@g5+ Kxg5 26. h4+ Kh6 27. P@g5+ Kg7 28. gxf6+ 
Kxf6 29. N@h5# 
{Lomboc checkmated} 1-0

[Event "fics rated crazyhouse match"]
[Site "fics, Oklahoma City, OK USA"]
[Date "2000.03.27"]
[White "Lomboc"]
[WhiteElo "2123"]
[Black "MrCool"]
[BlackElo "2341"]
[TimeControl "60+0"]
[Result "1-0"]

1. e4 e6 2. Nc3 Nf6 3. d4 d6 4. Nf3 Nc6 5. Bg5 Ke7 6. Bd3 
Ke8 7. e5 dxe5 8. dxe5 Be7 9. exf6 Bxf6 10. Bxf6 Qxf6 11. B@g5 Qxg5 
12. Nxg5 B@h4 13. Nxf7 Kxf7 14. Qh5+ B@g6 15. Bxg6+ hxg6 16. Qxh8 Bxf2+ 17. Kxf2 
N@g4+ 18. Kf1 B@c4+ 19. P@d3 Ne3+ 20. Ke2 Nd4+ 21. Kxe3 Nxc2+ 22. Kd2 Nxa1 
23. Q@e8+ Kf6 24. Ne4+ Kf5 25. Qf7+ P@f6 26. Qh3+ Ke5 27. P@d4+ Kd5 28. dxc4+ 
Kc6 29. d5+ Kb6 30. B@c5+ Ka5 31. B@b4+ Ka4 32. R@a3# 
{MrCool checkmated} 1-0

[Event "fics rated crazyhouse match"]
[Site "fics, Oklahoma City, OK USA"]
[Date "2000.03.27"]
[White "MrCool"]
[WhiteElo "2329"]
[Black "Lomboc"]
[BlackElo "2135"]
[TimeControl "60+0"]
[Result "1-0"]

1. e4 e6 2. d4 Nf6 3. e5 Nd5 4. c4 Nb6 5. c5 Nd5 6. Nc3 
d6 7. cxd6 cxd6 8. exd6 Bxd6 9. Nxd5 exd5 10. P@e5 Bb4+ 11. P@c3 Bf5 
12. N@e3 Bg6 13. cxb4 P@c4 14. B@a4+ Nc6 15. Nf3 O-O 16. Bxc6 bxc6 17. N@h4 
B@d3 18. Nxg6 hxg6 19. Bxd3 cxd3 20. Qxd3 B@e4 21. Qe2 P@d3 22. Qd2 N@c4 
23. Nxc4 N@c2+ 24. Kf1 Nxa1 25. Nd6 Bxf3 26. gxf3 Nc2 27. Kg2 Nxd4 28. P@h7+ 
Kxh7 29. N@g5+ Kg8 30. B@h7+ Kh8 31. Ndxf7+ Rxf7 32. Nxf7+ Kxh7 33. Ng5+ Qxg5+ 
34. Qxg5 B@h6 35. Qxh6+ gxh6 36. Q@f7+ R@g7 37. Qxg7+ Kxg7 38. P@f6+ Kf7 39. R@g7+ 
Ke8 40. R@e7# 
{Lomboc forfeits on time} 1-0

[Event "fics rated crazyhouse match"]
[Site "fics, Oklahoma City, OK USA"]
[Date "2000.03.27"]
[White "Lomboc"]
[WhiteElo "2131"]
[Black "MrCool"]
[BlackElo "2333"]
[TimeControl "60+0"]
[Result "1-0"]

1. e4 d5 2. Nc3 dxe4 3. Nxe4 P@d5 4. Ng3 e5 5. Nf3 e4 6. Nd4 
c5 7. Nb5 Nc6 8. d3 a6 9. Na3 exd3 10. Bxd3 Nf6 11. O-O P@e4 
12. Bxe4 dxe4 13. Qxd8+ Nxd8 14. Bg5 Ne6 15. Bxf6 gxf6 16. P@f5 B@f3 17. fxe6 
Bxe6 18. N@c7+ Kd7 19. Nxe6 fxe6 20. N@b6+ Kc7 21. Q@d7+ Kxb6 22. B@c7+ Ka7 
23. P@b6# 
{MrCool checkmated} 1-0

[Event "fics rated crazyhouse match"]
[Site "fics, Oklahoma City, OK USA"]
[Date "2000.03.28"]
[White "LordPixel"]
[WhiteElo "2419"]
[Black "Eyefor"]
[BlackElo "2241"]
[TimeControl "0+2"]
[Result "1-0"]

1. e4 Nf6 2. e5 Nd5 3. d4 Nc6 4. Bc4 e6 5. Bxd5 exd5 6. N@f5 
d6 7. Nxd6+ cxd6 8. P@b5 Nxe5 9. dxe5 B@a5+ 10. Bd2 dxe5 11. Bxa5 Qxa5+ 
12. B@c3 N@b4 13. Qxd5 Nxc2+ 14. Kd1 B@e6 15. Bxa5 P@e2+ 16. Nxe2 Ne3+ 17. Kc1 
P@d2+ 18. Qxd2 f5 19. Qd8+ Kf7 20. Q@e8+ Kg8 21. Qxf8# 
{Eyefor checkmated} 1-0

[Event "fics rated crazyhouse match"]
[Site "fics, Oklahoma City, OK USA"]
[Date "2000.03.28"]
[White "Eyefor"]
[WhiteElo "2237"]
[Black "LordPixel"]
[BlackElo "2423"]
[TimeControl "120+0"]
[Result "1-0"]

1. e4 Nf6 2. Nc3 d5 3. exd5 Nxd5 4. d4 e6 5. Nxd5 exd5 6. Nf3 
Nc6 7. Be2 P@e4 8. Ne5 Nxe5 9. dxe5 N@c4 10. Bxc4 dxc4 11. Qxd8+ Kxd8 
12. Q@d5+ N@d7 13. N@g5 B@h5 14. N@e6+ fxe6 15. Nxe6+ Ke7 16. N@f5+ Ke8 17. Nfxg7+ 
Bxg7 18. Nxg7+ Kf8 19. P@e7+ Kxg7 20. P@h6+ Kg6 21. B@f7+ Kf5 22. Qe6# 
{LordPixel checkmated} 1-0

[Event "fics rated crazyhouse match"]
[Site "fics, Oklahoma City, OK USA"]
[Date "2000.03.28"]
[White "LordPixel"]
[WhiteElo "2411"]
[Black "Eyefor"]
[BlackElo "2249"]
[TimeControl "0+2"]
[Result "1-0"]

1. e4 e6 2. d4 d6 3. Nf3 Nf6 4. Bd3 Nc6 5. c3 d5 6. e5 
Ne4 7. O-O Be7 8. Be3 Bd7 9. Qe2 Ng5 10. Nxg5 Bxg5 11. Bxg5 Qxg5 
12. N@h3 Qe7 13. B@g5 Qf8 14. Nf4 h6 15. Bh4 g5 16. Ng6 fxg6 17. Bxg6+ 
N@f7 18. Bxf7+ Qxf7 19. N@f6+ Kf8 20. Bg3 N@f4 21. Bxf4 gxf4 22. N@c5 Bc8 
23. P@d7 Nd8 24. dxc8=Q Rxc8 25. Ncd7+ Kg7 26. Qg4+ P@g5 27. Nh5+ Kg8 28. Nhf6+ 
Kg7 29. Nh5+ Kg8 30. Nhf6+ Kg7 31. Nh5+ Kg6 32. Ndf6 B@f5 33. Nxf4+ Kg7 
34. N4h5+ Kg6 35. Qe2 B@c4 36. P@g7 Rh7 37. Qd2 Bxf1 38. g8=Q+ Qxg8 39. Nxg8 
Bxb1 40. Kxf1 B@c4+ 41. B@e2 R@h1+ 42. B@g1 Bxe2+ 43. Qxe2 Rxg1+ 44. Kxg1 Kf7 
45. R@f6+ Ke8 46. Q@f8+ Kd7 47. B@e8# 
{Eyefor checkmated} 1-0

[Event "fics rated crazyhouse match"]
[Site "fics, Oklahoma City, OK USA"]
[Date "2000.03.28"]
[White "Eyefor"]
[WhiteElo "2244"]
[Black "LordPixel"]
[BlackElo "2416"]
[TimeControl "120+0"]
[Result "1-0"]

1. e4 Nf6 2. Nc3 d5 3. exd5 Nxd5 4. Nf3 e6 5. d4 Bb4 6. Bd2 
Nxc3 7. bxc3 N@b2 8. Qb1 Ba3 9. Bc1 P@e4 10. Ne5 f6 11. N@f7 fxe5 
12. Nxd8 Kxd8 13. Q@g5+ N@e7 14. dxe5 N@a4 15. P@d6 cxd6 16. P@c7+ Kd7 17. exd6 
Nbc6 18. Qxg7 Kxd6 19. Bxb2 Kd7 20. Bxa3 Nxc3 21. N@f6+ Kxc7 22. B@d6+ Kd8 
23. P@c7# 
{LordPixel checkmated} 1-0

[Event "fics rated crazyhouse match"]
[Site "fics, Oklahoma City, OK USA"]
[Date "2000.03.28"]
[White "LordPixel"]
[WhiteElo "2404"]
[Black "Eyefor"]
[BlackElo "2256"]
[TimeControl "0+2"]
[Result "1-0"]

1. e4 e6 2. d4 Nf6 3. e5 Nd5 4. Nf3 d6 5. exd6 cxd6 6. Be2 
Nf4 7. Bxf4 P@c7 8. Bb5+ Bd7 9. Nc3 Bxb5 10. Nxb5 B@c4 11. N@c3 Bxb5 
12. Nxb5 N@c4 13. B@g5 Qd7 14. B@a4 c6 15. P@e7 Bxe7 16. Bxe7 cxb5 17. Bexd6 
Nxd6 18. Bxd6 B@a5+ 19. P@b4 bxa4 20. B@e5 P@h3 21. bxa5 hxg2 22. Rg1 N@c4 
23. N@c7+ Qxc7 24. Bxc7 B@b4+ 25. B@c3 Bxc3+ 26. bxc3 Nc6 27. Bxg7 N@b2 28. Bxh8 
Nxd1 29. Q@g8+ B@f8 30. Rxd1 Q@e4+ 31. B@e2 Qxe2+ 32. Kxe2 P@g7 33. Bxg7 B@f1+ 
34. Ke1 Kd7 35. N@f6+ Kxc7 36. R@d7+ Kb8 37. Q@c7# 
{Eyefor checkmated} 1-0

[Event "fics rated crazyhouse match"]
[Site "fics, Oklahoma City, OK USA"]
[Date "2000.03.28"]
[White "Eyefor"]
[WhiteElo "2251"]
[Black "LordPixel"]
[BlackElo "2409"]
[TimeControl "120+0"]
[Result "1-0"]

1. e4 Nf6 2. Nc3 e6 3. e5 Nd5 4. d4 Bb4 5. Bd2 Bxc3 6. bxc3 
N@e4 7. Qg4 Nxd2 8. Qxg7 Rf8 9. B@h6 B@a3 10. Bxd2 Bb2 11. Qxh7 Bxa1 
12. N@g7+ Ke7 13. P@f6+ Nxf6 14. exf6+ Kxf6 15. N@e4+ Ke7 16. P@f6# 
{LordPixel checkmated} 1-0

[Event "fics rated crazyhouse match"]
[Site "fics, Oklahoma City, OK USA"]
[Date "2000.03.28"]
[White "LordPixel"]
[WhiteElo "2398"]
[Black "Eyefor"]
[BlackElo "2262"]
[TimeControl "0+2"]
[Result "0-1"]

1. e4 e6 2. d4 d6 3. Nf3 Nf6 4. Bd3 Be7 5. e5 Ng4 6. Qe2 
Nc6 7. exd6 Qxd6 8. h3 Nf6 9. P@e5 Nxd4 10. Nxd4 Qxd4 11. exf6 Qxf6 
12. N@e4 Qd4 13. N@b5 Qd7 14. Ng5 h6 15. Nxf7 Kxf7 16. Qh5+ Kf8 17. P@f7 
N@b4 18. Be4 N@f6 19. Nxc7 Nxh5 20. P@d6 Qxd6 21. Bd2 Qxc7 22. Nc3 N@d4 
23. Kd1 P@f5 24. a3 fxe4 25. axb4 P@e2+ 26. Kc1 Kxf7 27. N@b5 Nxb5 28. Nxe4 
Q@f1+ 29. Rxf1 exf1=Q+ 30. Q@e1 N@b3+ 31. Kb1 Nxd2+ 32. Nxd2 Qxe1+ 33. Ka2 Qxc2 
34. P@g6+ Ke8 35. N@c7+ Nxc7 36. Rxe1 R@a3# 
{LordPixel forfeits on time} 0-1

[Event "fics rated crazyhouse match"]
[Site "fics, Oklahoma City, OK USA"]
[Date "2000.03.28"]
[White "Eyefor"]
[WhiteElo "2273"]
[Black "LordPixel"]
[BlackElo "2387"]
[TimeControl "120+0"]
[Result "1-0"]

1. e4 e6 2. d4 Nf6 3. e5 Nd5 4. Nf3 d6 5. exd6 cxd6 6. Be2 
Be7 7. O-O O-O 8. c4 Nf6 9. P@e5 dxe5 10. dxe5 Qxd1 11. Rxd1 P@c2 
12. exf6 cxd1=Q+ 13. Bxd1 Bxf6 14. P@c7 Q@d6 15. Be2 Qxc7 16. N@b5 Qd7 17. P@e5 
Be7 18. N1c3 P@g4 19. Bg5 gxf3 20. Bxe7 Qxe7 21. Bxf3 N@d3 22. B@d6 Qh4 
23. Q@e2 Nxf2 24. P@g3 P@e3 25. Qxe3 Ng4 26. Bxg4 B@b6 27. gxh4 Bxe3+ 28. Kh1 
Q@f2 29. N@e7+ Kh8 30. Q@b1 Qxh4 31. P@c7 Qxe7 32. Qe1 Qxd6 33. Nxd6 N@f2+ 
34. Qxf2 Bxf2 35. cxb8=Q Rxb8 36. Q@c7 P@f3 37. Bxf3 P@g4 38. P@e7 Re8 39. Nxf7+ 
Kg8 40. N@f6+ gxf6 41. N@h6+ Kg7 42. exf6+ Kxf6 43. Qe5+ Kxe7 44. Nd5+ Kf8 
45. P@g7# 
{LordPixel checkmated} 1-0